 Dungeon Crawl Stone Soup version 0.30-b1-2-g02819fbbbe (webtiles) character file.

Game seed: 752983072289914555

9 Alarkh the Grasshopper (level 2, 22/22 HPs)
             Began as a Demonspawn Warper on May 25, 2023.
             Got out of the dungeon alive.
             The game lasted 00:00:53 (392 turns).

Alarkh the Grasshopper (Demonspawn Warper)           Turns: 392, Time: 00:00:54

Health: 22/22      AC:  4    Str: 11    XL:     2   Next: 3%
Magic:  5/5        EV: 11    Int: 14    God:
Gold:   8          SH:  0    Dex: 12    Spells: 5/5 levels left

rFire   . .          .
                       - Unarmed
rCold   . . .        (no shield)
rNeg    . . .        a - +0 leather armour
rPois   .            f - +0 helmet
rElec   .            (no cloak)
rCorr   .            (no gloves)
SInv    .            (no boots)
Will    .....        (no amulet)
Stlth   +            (no ring)
HPRegen 0.23/turn    (no ring)
MPRegen 0.09/turn

%: no passive effects
@: no status effects
A: hooves 1
a: no special abilities


You escaped.
You visited 1 branch of the dungeon, and saw 1 of its levels.

You collected 8 gold pieces.

Inventory:

Missiles
 c - 7 boomerangs of dispersal (quivered)
Armour
 a - a +0 leather armour (worn)
 f - a +0 helmet (worn)
Scrolls
 b - a scroll of blinking
Potions
 d - a potion of haste {unknown}
 e - a potion of invisibility {unknown}


   Skills:
 - Level 2.0 Fighting
 - Level 0.8 Throwing
 - Level 0.8 Armour
 - Level 1.7 Dodging
 + Level 2.5 Unarmed Combat
 - Level 2.0 Spellcasting
 - Level 2.6 Translocations


You had 5 spell levels left.
You didn't know any spells.
Your spell library contained the following spells:

 Spells                   Type           Power      Damage    Failure   Level
 Blink                    Tloc           16%        N/A       16%         2
 Lesser Beckoning         Tloc           16%        N/A       16%         2
 Teleport Other           Tloc           8%         N/A       30%         3
 Vhi's Electric Charge    Tloc/Air       10%        N/A       47%         3
 Manifold Assault         Tloc           8%         N/A       71%         4


Dungeon Overview and Level Annotations

Branches:
Dungeon (1/15)

Altars:

Shops:
D:1 *!


Innate Abilities, Weirdness & Mutations

You have large cloven feet.


Message History

There are monsters nearby!
The bat hits you. x2
You hit the bat.
The bat is severely wounded.
The bat hits you. The bat hits you but does no damage.
The bat hits you but does no damage. The bat barely misses you.
You barely miss the bat.
The bat is moderately wounded.
The bat closely misses you.
You miss the bat. The bat hits you but does no damage. x2
The bat barely misses you.
You closely miss the bat. You punch the bat, but do no damage.
The bat is moderately wounded.
The bat hits you but does no damage. The bat closely misses you.
You closely miss the bat. The bat completely misses you.
The bat hits you but does no damage.
You miss the bat. The bat hits you. The bat hits you but does no damage.
The bat closely misses you.
You barely miss the bat. The bat closely misses you.
The bat hits you but does no damage.
You barely miss the bat. The bat hits you but does no damage. x2
The bat hits you but does no damage. The bat hits you.
The bat closely misses you.
You hit the bat.
You kill the bat!
The bat barely misses you.
You have reached level 2!
Your demonic ancestry asserts itself...
Your feet thicken and deform.
You barely miss the bat. You kick the bat.
You kill the bat!
You see here a ball python corpse.
You see here a +0 war axe.
You enter the shallow water.
Moving in this stuff is going to be slow.
There is an open gate here.
There is an open door here.
There is a staircase leading out of the dungeon here.
Are you sure you want to leave the Dungeon?
This will make you lose the game!
You have escaped!

#############
######.....@.....######
#####.....................#####
##............#...#............##
......#...#...#...#...#...#....).
......#...#...#.>.#.[.#...#......
..#...#...#...#...#...#...#...#..
..#...#...##.###+###.##...#...#..
..#...#...##'#.....#'##...#...#..
..#...#...##....P....##...#ยงยง.#..


There were no monsters in sight!

Vanquished Creatures
  2 endoplasms (D:1)
  A giant cockroach (D:1)
  A kobold (D:1)
  A ball python (D:1)
  3 bats (D:1)
  A frilled lizard (D:1)
9 creatures vanquished.

Notes
Turn   | Place    | Note
-------+----------+-------------------------------------------
     0 | D:1      | Alarkh the Demonspawn Warper began the quest for the Orb.
     0 | D:1      | Reached XP level 1. HP: 16/16 MP: 3/3
   173 | D:1      | Found Sagotu Nett's Distillery.
   190 | D:1      | Found Zotuacoe's General Store.
   309 | D:1      | Gained mutation: You have large cloven feet. [demonic
                  | ancestry]
   309 | D:1      | Reached XP level 2. HP: 19/22 MP: 5/5
   392 | D:$      | Got out of the dungeon alive.

Illustrated notes

Levels and vault maps discovered:
D:1:      dpeg_arrival_water_fire, layout_basic, serial_shops, shop, shop

Skill      XL: |  1 |
---------------+----+-----
Unarmed Combat | 2 |  2.5
Fighting       | |  2.0
Throwing       | |  0.8
Armour         | |  0.8
Dodging        | |  1.7
Spellcasting   | |  2.0
Translocations | |  2.6

Action                     || total
---------------------------++-------
  Melee: Unarmed           ||    31
         Punch             ||     1
         Kick              ||     1
 Armour: Leather armour    ||    22
  Dodge: Dodged            ||    20
